 Dungeon Crawl Stone Soup version 0.28.0-53-g5a82cb258f (webtiles) character file.

Game seed: 13250903032129182959

861 H0rd4k the Cutter (level 8, -6/60 HPs)
             Began as a Human Artificer on May 31, 2022.
             Killed by divine providence
             ... invoked by an orc priest
              (10 damage)
             ... on level 5 of the Dungeon.
             The game lasted 00:07:07 (6624 turns).

H0rd4k the Cutter (Human Artificer)                 Turns: 6624, Time: 00:07:07

Health: -6/60      AC:  5    Str: 13    XL:     8   Next: 22%
Magic:  8/8        EV: 13    Int: 14    God:
Gold:   158        SH:  0    Dex: 13    Spells: 7/7 levels left

rFire   . . .      SeeInvis .   r - +4 short sword
rCold   . . .      Faith    .   (no shield)
rNeg    . . .      Spirit   .   b - +0 leather armour
rPois   .          Reflect  .   l - +0 helmet
rElec   .          Harm     .   v - scarf {+Inv}
rCorr   .          Rampage  .   w - +0 pair of gloves
Will    .....                   (no boots)
Stlth   +.........              (no amulet)
HPRegen 0.20/turn               (no ring)
MPRegen 0.11/turn               (no ring)

@: no status effects
A: no striking features
a: Evoke Invisibility


You were on level 5 of the Dungeon.
You visited 1 branch of the dungeon, and saw 6 of its levels.

You collected 158 gold pieces.

Inventory:

Hand Weapons
 r - a +4 short sword (weapon)
Missiles
 j - 9 poisoned darts
Armour
 b - a +0 leather armour (worn)
 k - quicksilver dragon scales
 l - a +0 helmet (worn)
 v - a scarf of invisibility (worn)
 w - a +0 pair of gloves (worn)
Jewellery
 i - a +6 ring of strength
Wands
 c - a wand of flame (3) (quivered)
Scrolls
 f - 2 scrolls of vulnerability {unknown}
 g - 2 scrolls of identify {unknown}
 h - a scroll of amnesia {unknown}
 m - a scroll of enchant weapon {unknown}
 o - a scroll of summoning {unknown}
 u - a scroll of noise {unknown}
Potions
 a - 2 potions of curing
 n - a potion of heal wounds {unknown}
 p - 2 potions of resistance
 q - 2 potions of lignification {unknown}
 s - a potion of brilliance {unknown}
 t - a potion of cancellation {unknown}
Miscellaneous
 e - a piece from Xom's chessboard (15/15)


   Skills:
 + Level 4.0 Fighting
 + Level 5.0 Short Blades
 - Level 1.7 Maces & Flails
 - Level 2.0 Armour
 + Level 4.1 Dodging
 - Level 1.0 Stealth
 + Level 4.4 Evocations


You had 7 spell levels left.
You didn't know any spells.
Your spell library contained the following spells:

 Spells                   Type           Power      Damage    Failure   Level
 Ensorcelled Hibernation  Hex/Ice        0%         N/A       50%         2
 Passwall                 Tmut/Erth      0%         N/A       50%         2
 Swiftness                Air            0%         N/A       73%         3


Dungeon Overview and Level Annotations

Branches:
Dungeon (6/15)
 Temple: D:4-7

Altars:
Yredelemnul
The Shining One

Annotations:
D:3 exclusion: 2 downstairs


Message History

The orc wizard casts a spell at you. The puff of flame hits you.
You barely miss the orc wizard.
The orc wizard is moderately wounded.
The orc wizard casts a spell.
The orc wizard flickers and vanishes!
Deactivating autopickup; reactivate with Ctrl-A.
The orc wizard points at you and mumbles some strange words.
You resist with some effort.
The orc wizard gestures wildly while chanting.
The orc wizard flickers and vanishes!
There is a stone staircase leading down here.
The orc hits you with a +0 club.
There is an escape hatch in the ceiling here.
A mysterious force pulls you upwards. The hatch slams shut behind you.
The white imp shouts, "Taste defeat, thou gorbellied fly-bitten tinkerer!"
The orc wizard shouts! x3
Reactivating autopickup.
The orc wizard shouts!
The orc priest shouts!
The orc shouts!
You hear a shout!
An orc comes into view. It is wielding a +0 hand axe.
The orc wizard gestures at you while chanting.
You resist with some effort.
An orc comes into view. It is wielding a +0 dagger.
The orc priest invokes the aid of Beogh against you.
Beogh smites you! The orc hits you but does no damage.
The orc wizard gestures at you while chanting.
The magic dart hits you. The orc wizard closely misses you.
The orc priest hits you with a +0 flail!
* * * LOW HITPOINT WARNING * * *
The white imp gestures at you. The puff of frost hits you!
* * * LOW HITPOINT WARNING * * *
The orc hits you with a +0 flail!
* * * LOW HITPOINT WARNING * * *
The orc shouts!
Found three items.
A hound comes into view.
The orc priest calls down the wrath of Beogh upon you.
Beogh smites you!
You die... .. .... ... ... .hoo

... .$..###
.. #
..o#.#.#.#
o#
#...Y..!.#
#...
#.......#..#
#...o@o...#
##.oo..5.##
#..oo...#
#...#..##
#### ###


You could see a sky beast, a hound, 2 orc priests, 4 orc wizards, a white imp
and 3 orcs.

Vanquished Creatures
  Sigmund (D:3)
  A scorpion (D:3)
  A bullfrog skeleton (D:4)
  A centaur zombie (D:4)
  An orc priest (D:2)
  A hound (D:4)
  2 iguanas
  Jessica (D:3)
  An orc wizard (D:4)
  3 gnolls
  An adder (D:2)
  An ufetubus (D:4)
  2 worms
  3 dart slugs
  7 orcs
  2 bats
  3 endoplasms
  5 giant cockroaches
  8 goblins
  3 hobgoblins
  3 jackals (D:1)
  2 kobolds
  5 quokkas
  8 ball pythons
  A quokka skeleton (D:4)
  3 rats (D:1)
70 creatures vanquished.

Vanquished Creatures (collateral kills)
  Grinder (D:4)
  An orc priest (D:4)
  An orc wizard (D:5)
  3 adders (D:2)
  A gnoll (D:4)
  A worm (D:2)
  8 orcs
  2 ball pythons (D:2)
  A kobold (D:3)
19 creatures vanquished.

Vanquished Creatures (others)
  A gnoll (D:4)
  An orc (D:4)
2 creatures vanquished.

Grand Total: 91 creatures vanquished

Notes
Turn   | Place    | Note
-------+----------+-------------------------------------------
     0 | D:1      | H0rd4k the Human Artificer began the quest for the Orb.
     0 | D:1      | Reached XP level 1. HP: 15/15 MP: 1/1
   542 | D:1      | Reached XP level 2. HP: 17/21 MP: 2/2
   754 | D:1      | Found a faded altar of an unknown god.
  1854 | D:2      | Reached XP level 3. HP: 17/26 MP: 3/3
  1860 | D:2      | Reached skill level 1 in Maces & Flails
  1871 | D:2      | Reached XP level 4. HP: 10/32 MP: 4/4
  1872 | D:2      | Found a basalt altar of Yredelemnul.
  3119 | D:3      | Found a glowing golden altar of the Shining One.
  3119 | D:3      | Noticed Jessica
  3120 | D:3      | Noticed Sigmund
  3174 | D:3      | Reached XP level 5. HP: 38/38 MP: 5/5
  3364 | D:4      | Noticed Grinder
  3385 | D:2      | HP: 1/38 [frozen (4)]
  3998 | D:3      | Killed Sigmund
  3999 | D:3      | Reached skill level 2 in Short Blades
  3999 | D:3      | Reached XP level 6. HP: 27/46 MP: 6/6
  4301 | D:3      | Killed Jessica
  4681 | D:4      | Reached skill level 3 in Short Blades
  4681 | D:4      | Reached XP level 7. HP: 42/52 MP: 7/7
  4764 | D:4      | Killed Grinder
  4765 | D:4      | Reached skill level 4 in Short Blades
  5630 | D:4      | Reached XP level 8. HP: 56/60 MP: 8/8
  6100 | D:5      | Entered Level 5 of the Dungeon
  6334 | D:5      | Reached skill level 5 in Short Blades
  6624 | D:5      | Killed from afar by an orc priest

Illustrated notes

Levels and vault maps discovered:
D:1:      saegor_arrival_under_anarchy, layout_loops_ring,
          chequers_ecumenical_altar_simple
D:2:      layout_rooms, basic_altar
D:3:      layout_loops_ring, tso_metal_star, uniq_sigmund, uniq_jessica
D:4:      layout_cave_pools, uniq_grinder
D:5:      minmay_chambers_of_threes, layout_cave_pools, xom_teletrap_fun,
          lemuel_doored_altar, mainiacjoe_overflow_boulevard,
          mainiacjoe_overflow_alcove_4, corexii_checkpoint_a,
          minmay_misc_feat_cross, uniq_eustachio
D:6:      layout_loops_ring, mainiacjoe_overflow_tiny_flanked, minitemple,
          minmay_temple_entry_poolview

Skill      XL: |  1  2  3  4  5  6  7  8 |
---------------+-------------------------+-----
Maces & Flails | 1 |  1.7
Dodging        | 2 3 4 |  4.1
Fighting       | 2 3 4 |  4.0
Short Blades   | 2 3 4 5 |  5.0
Evocations     | 4 |  4.4
Armour         | |  2.0
Stealth        | |  1.0

Action                   |  1- 3 |  4- 6 |  7- 9 || total
-------------------------+-------+-------+-------++-------
Melee: Club              |   113 |    47 |       ||   160
       Short sword       |       |    75 |   111 ||   186
       Punch             |       |     2 |       ||     2
Evoke: Wand              |     3 |     5 |    19 ||    27
 Stab: Sleeping          |     2 |       |       ||     2
Armor: Leather armour    |    44 |    35 |    20 ||    99
Dodge: Dodged            |    87 |    99 |    74 ||   260
